 Dungeon Crawl Stone Soup version 0.26-a0-665-gefeb406119 (webtiles) character file.

Game seed: 16580185832529174364

3843 Elric the Frost Mage (level 10, 0/56 HPs)
             Began as a Gargoyle Ice Elementalist on Oct 14, 2020.
             Was a Believer of Dithmenos.
             Shot with a sling bullet by Joseph (16 damage)
             ... on level 7 of the Dungeon.
             The game lasted 00:20:07 (7831 turns).

Elric the Frost Mage (Gargoyle Ice Elementalist)    Turns: 7831, Time: 00:20:08

Health: 0/56       AC: 10    Str: 19    XL:     10   Next: 18%
Magic:  2/17       EV: 12    Int: 19    God:    Dithmenos [**....]
Gold:   463        SH:  0    Dex: 10    Spells: 7/19 levels left

rFire    x . .     SeeInvis .   B - +0 falchion (drain)
rCold    + . .     Faith    .   (no shield)
rNeg     + . .     Spirit   .   a - +0 robe
rPois    ∞         Reflect  .   (no helmet)
rElec    +         Harm     .   (no cloak)
rCorr    .         Rampage  .   F - +0 pair of gloves of the Little Devil {Str+7} (curse)
MR       .....                  (no boots)
Stlth    +++.......             (no amulet)
HPRegen  0.18/turn              v - ring of ice
MPRegen  0.15/turn              (no ring)

@: frozen ramparts, wreathed by umbra
A: negative energy resistance 1, electricity resistance, unbreathing,
petrification resistance, rot immunity, AC +7
a: Shadow Step, Renounce Religion


You were on level 7 of the Dungeon.
You worshipped Dithmenos.
Dithmenos was pleased with you.
You visited 1 branch of the dungeon, and saw 7 of its levels.

You collected 463 gold pieces.

Inventory:

Hand Weapons
 l - a +0 dagger
 y - a +0 rapier
 B - a +0 falchion of draining (weapon)
Armour
 a - a +0 robe (worn)
 j - a +0 pair of gloves
 n - a +0 tower shield
 F - the cursed +0 pair of gloves of the Little Devil (worn) {Str+7}
   (You found it on level 5 of the Dungeon)

   It affects your strength (+7).
   It has a curse placed upon it.
Jewellery
 f - an uncursed amulet of regeneration
 v - a ring of ice (left hand)
Wands
 C - a wand of disintegration (20)
Scrolls
 c - 5 scrolls of teleportation
 d - 3 scrolls of blinking {unknown}
 e - a scroll of enchant weapon {unknown}
 g - a scroll of enchant armour {unknown}
 p - 3 scrolls of magic mapping {unknown}
 q - 3 scrolls of amnesia {unknown}
 r - 3 scrolls of remove curse {unknown}
 s - 3 scrolls of identify
 A - a scroll of fog {unknown}
 E - a scroll of random uselessness {unknown}
Potions
 b - a potion of might {unknown}
 h - a potion of ambrosia {unknown}
 i - 4 potions of curing
 k - 2 potions of stabbing {unknown}
 m - a potion of berserk rage {unknown}
 o - 2 potions of degeneration {unknown}
 t - 2 potions of haste {unknown}
 u - a potion of lignification {unknown}
 w - 3 potions of heal wounds {unknown}
 x - a potion of invisibility {unknown}
 z - a potion of mutation {unknown}
 D - a potion of resistance {unknown}
 G - a potion of brilliance {unknown}


   Skills:
 - Level 3.0 Fighting
 - Level 4.0 Long Blades
 - Level 1.5 Dodging
 - Level 3.3 Stealth
 - Level 1.5 Shields
 - Level 5.0 Spellcasting
 + Level 5.7 Conjurations
 + Level 4.8 Summonings
 - Level 10.0 Ice Magic


You had 7 spell levels left.
You knew the following spells:

 Your Spells              Type           Power        Failure   Level
a - Freeze                Ice            ####         1%          1
b - Frozen Ramparts       Ice            ######       1%          3
c - Hailstorm             Conj/Ice       ######..     4%          4
d - Summon Ice Beast      Ice/Summ       #####...     6%          4

Your spell library contained the following spells:

 Spells                   Type           Power        Failure   Level
 Ozocubu's Armour         Ice            ######..     1%          3


Dungeon Overview and Level Annotations

Branches:
Dungeon (7/15)             Temple (0/1) D:5

Altars:
Dithmenos
Fedhas
Qazlal
Ru
Wu Jian
The Shining One

Shops:
D:7 *

Annotations:
D:3 3 runed translucent doors, haldagan's ghost, amateur TeFi
D:7 Joseph


Innate Abilities, Weirdness & Mutations

You are resistant to torment.
Your stone body is resilient. (AC +7)
You are immune to poison.
You resist negative energy. (rN+)
You are resistant to electric shocks. (rElec)
You can survive without breathing.
You are immune to petrification.
You are immune to rotting.


Message History

You feel a surge of power!
The walls around you are covered in ice.
Joseph shoots a sling bullet.
The sling bullet completely misses you.
Joseph resists.
The wall freezes Joseph.
Joseph shoots a sling bullet.
The sling bullet hits you.
* * * LOW HITPOINT WARNING * * *
You see here a sling bullet.
Your ice beast hits Joseph but does no damage.
Joseph resists.
The wall freezes Joseph.
Joseph shoots a sling bullet.
The sling bullet barely misses you.
Your ice beast hits Joseph but does no damage.
Joseph resists.
The wall freezes Joseph.
Joseph shoots a sling bullet.
The sling bullet barely misses you.
You see here a sling bullet.
Joseph resists.
The wall freezes Joseph.
It was a potion of curing.
You feel better.
Joseph resists.
The wall freezes Joseph.
Joseph resists.
The wall freezes Joseph.
Joseph shoots a sling bullet.
The sling bullet hits you!
You die...

............#
#...........##..##.
###.##.######
#...#.##.#.........
###.##.#
#...#)##.##........
....##.#
##...#.##........)))
.#####.#
#......#####.##...).
.......#
#.......####.##.##.#
.#######
#............##.##.#
##
##..................
####@###.####.#######
########....# #.# #.#
# #..Y@((.(#### #.#
#.# # #Y######## #(#
#.# #.# #####.# #.#
#@# #.....####.#####
#(#
###.######.......#
#)# #.....# #.###.#.#
#.Y/...# #.....#
#.###.#.#


You could see Joseph.

Vanquished Creatures
  Harold (D:7)
  Prince Ribbit (D:7)
  4 yaks (D:7)
  Duvessa (D:7)
  An orc warrior (D:7)
  2 sky beasts (D:6)
  2 black bears (D:7)
  An ogre (D:6)
  2 centaurs
  5 bullfrogs
  Dowan (D:7)
  4 scorpions
  A water moccasin skeleton (D:7)
  A howler monkey (D:3)
  A bullfrog zombie (D:6)
  A quasit (D:7)
  A centaur zombie (D:5)
  An orc priest (D:3)
  2 bullfrog skeletons
  2 hounds
  2 iguanas (D:4)
  4 orc wizards
  9 worker ants
  A hound zombie (D:7)
  8 adders
  A howler monkey skeleton (D:5)
  A shadow imp (D:5)
  A white imp (D:5)
  2 ufetubi (D:6)
  An ooze (D:3)
  3 adder skeletons
  2 worms (D:5)
  2 dart slugs
  5 leopard geckos
  17 orcs
  10 bats
  3 giant cockroaches
  11 goblins
  6 hobgoblins
  7 jackals
  3 frilled lizards
  7 kobolds
  9 rats
150 creatures vanquished.

Vanquished Creatures (collateral kills)
  A centaur (D:7)
  An orc (D:7)
2 creatures vanquished.

Grand Total: 152 creatures vanquished

Notes
Turn   | Place    | Note
-------+----------+-------------------------------------------
     0 | D:1      | Elric the Gargoyle Ice Elementalist began the quest for the
                  | Orb.
     0 | D:1      | Reached XP level 1. HP: 10/10 MP: 3/3
   237 | D:1      | Reached XP level 2. HP: 15/15 MP: 3/5
  1605 | D:2      | Found a shadowy altar of Dithmenos.
  1619 | D:2      | Became a worshipper of Dithmenos the Shadowed
  1708 | D:2      | Reached XP level 3. HP: 16/19 MP: 0/6
  1807 | D:2      | Reached skill level 5 in Ice Magic
  2551 | D:2      | Reached skill level 1 in Shields
  2551 | D:2      | Reached XP level 4. HP: 19/24 MP: 0/7
  2846 | D:3      | Found a runed translucent gate.
  2846 | D:3      | Found a runed translucent gate.
  2846 | D:3      | Found a runed translucent gate.
  2853 | D:3      | Learned a level 3 spell: Frozen Ramparts
  2984 | D:3      | Reached * piety under Dithmenos
  3046 | D:3      | Found an ornate altar of the Wu Jian Council.
  3046 | D:3      | Found a stormy altar of Qazlal.
  3047 | D:3      | Found a sacrificial altar of Ru.
  3196 | D:3      | Reached XP level 5. HP: 22/28 MP: 4/8
  3375 | D:3      | Noticed haldagan's ghost (amateur TeFi)
  3678 | D:3      | Reached skill level 1 in Fighting
  4074 | D:4      | Reached skill level 6 in Ice Magic
  4088 | D:4      | Reached XP level 6. HP: 27/34 MP: 6/9
  4678 | D:5      | Entered Level 5 of the Dungeon
  4982 | D:5      | Reached XP level 7. HP: 34/39 MP: 7/13
  5009 | D:5      | Got a pair of brightly glowing gloves
  5128 | D:5      | Identified the cursed +0 pair of gloves of the Little Devil
                  | {Str+7} (You found it on level 5 of the Dungeon)
  5301 | D:5      | Found a blossoming altar of Fedhas.
  5396 | D:5      | Found a staircase to the Ecumenical Temple.
  5635 | D:6      | Reached skill level 5 in Spellcasting
  5796 | D:6      | Reached skill level 1 in Long Blades
  5798 | D:6      | Reached XP level 8. HP: 36/46 MP: 8/15
  5831 | D:6      | Reached ** piety under Dithmenos
  5927 | D:6      | Reached skill level 7 in Ice Magic
  6090 | D:6      | Found a glowing golden altar of the Shining One.
  6698 | D:7      | Reached skill level 8 in Ice Magic
  6705 | D:7      | Noticed Duvessa
  6715 | D:7      | Killed Duvessa
  6716 | D:7      | Noticed Dowan
  6750 | D:7      | Reached XP level 9. HP: 48/50 MP: 13/16
  6773 | D:7      | Reached skill level 9 in Ice Magic
  6778 | D:7      | Killed Dowan
  6884 | D:7      | Noticed Prince Ribbit
  6895 | D:7      | Killed Prince Ribbit
  6901 | D:7      | Learned a level 4 spell: Hailstorm
  6906 | D:7      | Learned a level 4 spell: Summon Ice Beast
  7016 | D:7      | Reached skill level 1 in Conjurations
  7115 | D:7      | Reached skill level 1 in Summonings
  7119 | D:7      | Reached skill level 10 in Ice Magic
  7193 | D:7      | Noticed Harold
  7364 | D:7      | Killed Harold
  7364 | D:7      | Reached skill level 5 in Conjurations
  7364 | D:7      | Reached XP level 10. HP: 56/56 MP: 11/17
  7759 | D:7      | Found Liusa's Assorted Antiques.
  7809 | D:7      | Noticed Joseph
  7831 | D:7      | Shot with a sling bullet by Joseph

Illustrated notes

Levels and vault maps discovered:
D:1:      evilmike_arrival_rings, layout_basic, minmay_pentomino_s2
D:2:      layout_loops_ring, nicolae_dithmenos_through_a_glass_darkly
D:3:      layout_loops_cross, gammafunk_temple_overflow_claw,
          gammafunk_ghost_necromancy, wander_ebering_terrifying_dragon_lair
D:4:      layout_loops_ring
D:5:      layout_loops_cross, minmay_temple_entry_slanted, fedhas_ov_isle_minmay
D:6:      layout_gridville, tso_metal_star
D:7:      layout_loops_cross, serial_shops, kennysheep_mini, uniq_joseph,
          uniq_harold, uniq_prince_ribbit1, uniq_duvessa

Skill      XL: |  1  2  3  4  5  6  7  8  9 |
---------------+----------------------------+-----
Ice Magic      | 5 6 8 10 | 10.0
Shields        | 1 |  1.5
Fighting       | 1 3 |  3.0
Stealth        | 3 |  3.3
Spellcasting   | 4 5 |  5.0
Long Blades    | 1 4 |  4.0
Conjurations   | 5 |  5.7
Summonings     | 4 |  4.8
Dodging        | |  1.5

Action                   |  1- 3 |  4- 6 |  7- 9 | 10-12 || total
-------------------------+-------+-------+-------+-------++-------
Melee: Unarmed           |     9 |       |       |       ||     9
       Dagger            |     9 |     1 |       |       ||    10
       Rapier            |       |    13 |       |       ||    13
       Falchion          |       |    41 |   105 |       ||   146
 Cast: Freeze            |    59 |    48 |    36 |       ||   143
       Frozen Ramparts   |       |    10 |    21 |     3 ||    34
       Hailstorm         |       |       |       |     6 ||     6
       Summon Ice Beast  |       |       |       |     3 ||     3
  Use: Scroll            |     1 |     4 |     1 |       ||     6
       Potion            |       |       |       |     1 ||     1
 Stab: Sleeping          |     1 |     1 |     2 |       ||     4
Armor: Robe              |    23 |    32 |    42 |     4 ||   101
Dodge: Dodged            |    39 |    90 |   131 |     9 ||   269
       Rpst.: Falchion   |       |    15 |    43 |     2 ||    60

Table legend: (Time is in decaauts)
 A = Elapsed time spent in this place.
 B = Non-inter-level travel time spent in this place.
 C = Inter-level travel time spent in this place.
 D = Time resting spent in this place.
 E = Time spent auto-exploring this place.
 F = Levels seen in this place.
 G = Mean time per level.
                   A        B        C        D        E       F      G
               +--------+--------+--------+--------+--------+-----+--------+
         Total |   7867 |   7608 |    259 |      0 |   6179 |   7 | 1123.9 |
       Dungeon |   7867 |   7608 |    259 |      0 |   6179 |   7 | 1123.9 |
               +--------+--------+--------+--------+--------+-----+--------+

Top non-repeatable levels by time:
     D:1: 1480 daAuts
     D:7: 1228 daAuts
     D:2: 1199 daAuts
     D:3: 1156 daAuts
     D:6: 994 daAuts
     D:5: 959 daAuts
     D:4: 847 daAuts
